AoeStats
← hotshotgg

Black Forest

510102300Analyzed
4v4 RM · 3d ago on Sep 29, 2026· 53m 12s· 8 players
Game mode
Random Map
Map size
Large (8 player)
Population
200
Speed
Normal
Resources
Standard
Victory
Conquest
Starting age
Dark Age
Ending age
Imperial Age
RankedLock teamsTeams togetherTeam positionsShared explorationLock speedFull tech treeHidden civsTurbo modeCheats
Victory
Defeat
🇵🇹 Malay · Portugal
1404
+15
🇨🇳 Georgians · China
1382
+15
🇨🇳 Bohemians · China
1313
+18
🇮🇳 Britons · India
1262
+20
🇬🇧 Khmer · United Kingdom
1412
-19
🇺🇸 Khitans · United States
1392
-18
🇨🇳 Lithuanians · China
1346
-16
🇨🇳 Magyars · China
1313
-15
羊了个羊
11:53 Feudal Age
16:14 Castle Age
14:42 Double-Bit Axe
15:49 Fishing Lines
18:16 Bow Saw
22:58 Gillnets
24:24 Horse Collar
27:58 Heavy Plow
29:18 Gold Mining
30:54 Wheelbarrow
30:38 Stone Mining
30:38 Loom
33:35 Imperial Age
32:25 Stone Shaft Mining
33:02 Hand Cart
32:54 Scale Barding Armor
33:00 Forging
34:01 Chain Barding Armor
33:41 Elite Leitis
34:42 Conscription
35:21 Iron Casting
35:42 Fletching
36:31 Plate Barding Armor
37:00 Chemistry
36:21 Ballistics
36:39 Bloodlines
36:30 Husbandry
36:13 Pikeman
36:54 Squires
37:28 Scale Mail Armor
36:51 Halberdier
37:17 Arson
39:05 Chain Mail Armor
46:26 Two-Man Saw
45:59 Crop Rotation
47:52 Fletching
48:02 Padded Archer Armor
48:03 Murder Holes
48:57 Masonry
48:50 Bodkin Arrow
49:07 Elite Skirmisher
50:15 Bracer
50:31 Leather Archer Armor
50:22 Tower Shields
2987052186
0:31 Loom
13:08 Feudal Age
17:50 Castle Age
18:05 Horse Collar
18:13 Double-Bit Axe
34:39 Imperial Age
46:54 Parthian Tactics
46:35 Thumb Ring
46:44 Pikeman
47:12 Arson
46:56 Elite Skirmisher
47:40 Scale Mail Armor
47:49 Fletching
48:00 Padded Archer Armor
some.spiced.ham
11:03 Feudal Age
12:23 Double-Bit Axe
16:13 Forging
17:44 Scale Barding Armor
21:04 Fishing Lines
23:52 Wheelbarrow
23:18 Domestication
27:23 Castle Age
25:43 Gold Mining
25:44 Stone Mining
28:30 Chain Barding Armor
28:46 Iron Casting
27:34 Light Cavalry
28:17 Husbandry
28:45 Gillnets
29:27 Hand Cart
29:48 Bow Saw
29:56 Pastoralism
34:40 Imperial Age
31:58 Town Watch
31:58 Loom
34:37 Town Patrol
36:26 Plate Barding Armor
35:13 Hussar
35:15 Elite Steppe Lancer
35:17 Heavy Camel Rider
35:56 Stone Mining
37:58 Conscription
37:48 Ordo Cavalry
42:23 Two-Man Saw
Gbeto Supastar
0:30 Loom
12:17 Feudal Age
15:15 Castle Age
25:09 Wheelbarrow
26:18 Double-Bit Axe
26:14 Horse Collar
27:20 Heavy Plow
29:59 Hand Cart
29:33 Town Watch
35:56 Bow Saw
38:39 Imperial Age
37:10 Bloodlines
37:01 Husbandry
37:10 Gold Mining
37:13 Stone Mining
37:52 Fishing Lines
39:41 Scale Barding Armor
39:37 Elite Battle Elephant
40:29 Forging
40:50 Chain Barding Armor
41:50 Chemistry
41:11 Ballistics
40:57 Heavy Scorpion
42:42 Plate Barding Armor
42:43 Iron Casting
43:21 Siege Engineers
43:36 Double Crossbow
45:46 Blast Furnace
44:39 Fletching
Hyderabad (Ind)
7:17 Loom
11:46 Feudal Age
12:12 Double-Bit Axe
15:44 Castle Age
16:13 Stone Mining
16:56 Bow Saw
20:31 Gold Mining
21:43 Fletching
23:22 Bodkin Arrow
25:28 Horse Collar
27:15 Wheelbarrow
26:26 Town Watch
27:51 Town Patrol
29:34 Hand Cart
30:15 Gold Shaft Mining
33:17 Imperial Age
31:27 Padded Archer Armor
31:34 Treadmill Crane
32:15 Ballistics
32:19 Masonry
32:25 Leather Archer Armor
33:16 Coinage
32:58 Heavy Plow
35:05 Conscription
34:07 Elite Longbowman
35:24 Hoardings
35:05 Caravan
36:45 Two-Man Saw
36:28 Bracer
36:58 Ring Archer Armor
37:34 Chemistry
37:23 Yeomen
38:36 Pikeman
39:28 Forging
39:19 Scale Mail Armor
40:01 Banking
40:18 Gambesons
41:10 Iron Casting
40:56 Halberdier
41:36 Squires
42:15 Siege Engineers
42:41 Architecture
43:12 Blast Furnace
42:28 Chain Mail Armor
47:56 Plate Mail Armor
hotshotgg
12:17 Feudal Age
16:50 Castle Age
15:36 Double-Bit Axe
16:45 Bow Saw
20:14 Fishing Lines
21:41 Wheelbarrow
21:52 Gillnets
22:15 Gold Mining
24:45 Gold Shaft Mining
24:04 Stone Mining
25:11 Hand Cart
26:23 Loom
29:14 Imperial Age
27:09 Husbandry
27:26 Forging
28:26 Scale Barding Armor
28:57 Iron Casting
29:52 Chemistry
29:45 Conscription
29:40 Elite Battle Elephant
32:56 Blast Furnace
33:21 Onager
34:22 Caravan
34:53 Coinage
36:13 Banking
38:00 Fletching
38:34 Ballistics
38:35 Bombard Tower
38:25 Masonry
39:00 Bodkin Arrow
39:05 Padded Archer Armor
40:24 Bracer
40:39 Leather Archer Armor
40:19 Horse Collar
40:08 Crossbowman
40:54 Thumb Ring
41:27 Siege Engineers
41:17 Murder Holes
42:43 Ring Archer Armor
42:52 Stone Shaft Mining
42:01 Arbalester
43:45 Thumb Ring
43:40 Treadmill Crane
44:55 Heavy Plow
51:43 Crop Rotation
HelloAOE
0:48 Loom
11:30 Feudal Age
17:14 Castle Age
15:23 Fishing Lines
19:49 Wheelbarrow
21:21 Fletching
24:41 Sanctity
25:58 Redemption
31:04 Bodkin Arrow
33:46 Imperial Age
31:46 Scale Mail Armor
32:11 Hand Cart
32:26 Fervor
35:19 Chemistry
34:39 Ballistics
34:30 Masonry
34:50 Block Printing
35:01 Illumination
35:15 Hussite Reforms
34:51 Pikeman
35:32 Squires
35:49 Chain Mail Armor
35:44 Forging
35:49 Bracer
35:50 Padded Archer Armor
37:09 Conscription
37:41 Halberdier
38:53 Plate Mail Armor
38:59 Iron Casting
41:42 Leather Archer Armor
42:29 Blast Furnace
43:04 Theocracy
42:06 Houfnice
43:36 Wagenburg Tactics
53:29 Atonement
SlyFever
0:29 Loom
13:44 Feudal Age
18:15 Castle Age
16:51 Double-Bit Axe
19:38 Fletching
23:44 Wheelbarrow
23:31 Horse Collar
33:06 Heavy Plow
33:49 Bow Saw
34:23 Gold Mining
35:30 Stone Mining
36:46 Hand Cart
36:17 Town Watch
39:29 Imperial Age
37:04 Squires
36:46 Pikeman
37:12 Arson
37:40 Scale Mail Armor
37:51 Forging
37:47 Bodkin Arrow
37:53 Padded Archer Armor
38:01 Treadmill Crane
39:08 Stone Shaft Mining
39:07 Chain Mail Armor
39:27 Iron Casting
40:19 Iron Casting
39:38 Halberdier
41:40 Plate Mail Armor
41:11 Capped Ram
44:16 Blast Furnace
44:08 Town Patrol
44:59 Siege Ram
48:27 Conscription
49:17 Guard Tower
49:33 Svan Towers
50:16 Crop Rotation
50:00 Bloodlines
49:50 Husbandry
50:23 Bracer
51:40 Scale Barding Armor
50:57 Light Cavalry
52:18 Leather Archer Armor
52:59 Chain Barding Armor
Connection lost

Rejoining the realm…

Still unreachable

The connection could not be restored.

Session expired

The server has moved on; the page needs a fresh start.